 Dungeon Crawl Stone Soup version 0.30-a0-331-g8ab09dc110 (webtiles) character file.

Game seed: 8454716674368465458

4399 p00ps00p the Warrior (level 10, 0/92 (111) HPs)
             Began as a Hill Orc Fighter on Oct 30, 2022.
             Was an Initiate of Gozag.
             Slain by a troll (2 damage)
             ... on level 9 of the Dungeon.
             The game lasted 00:23:15 (13132 turns).

p00ps00p the Warrior (Hill Orc Fighter)            Turns: 13132, Time: 00:23:15

HP:   0/92 (111)    AC:  8    Str: 20    XL:     10   Next: 35%
MP:   10/10         EV:  9    Int:  8    God:    Gozag
Gold: 1405          SH:  8    Dex: 14    Spells: 9/9 levels left

rFire   + . .      SeeInvis .    a - +3 war axe
rCold   . . .      Faith    .    c - +3 buckler
rNeg    . . .      Spirit   .    b - +0 scale mail
rPois   +          Reflect  .    (no helmet)
rElec   .          Harm     .    l - +0 cloak
rCorr   .          Rampage  .    (no gloves)
Will    .....                    (no boots)
Stlth   ..........               (no amulet)
HPRegen 0.35/turn                r - ring of poison resistance
MPRegen 0.12/turn                p - ring of protection from fire

@: heavily drained
A: no striking features
a: Renounce Religion, Potion Petition, Call Merchant, Bribe Branch


You were on level 9 of the Dungeon.
You worshipped Gozag.
Gozag was most pleased with you.
You visited 2 branches of the dungeon, and saw 10 of its levels.
You also visited: Sewer.

You collected 1448 gold pieces.
You paid 43 gold pieces to Gozag.

Inventory:

Hand Weapons
 a - a +3 war axe (weapon)
 t - a +2 antimagic hand axe
 w - a +1 whip of flaming
Missiles
 h - 5 javelins
 o - a curare-tipped dart (quivered)
 v - 2 throwing nets
Armour
 b - a +0 scale mail (worn)
 c - a +3 buckler (worn)
 l - a +0 cloak (worn)
 z - the +1 leather armour of Wisturea {rElec Int+5 Dex-5 SInv}
   (You found it on level 7 of the Dungeon)

   Int:       It affects your intelligence (+5).
   Dex:       It affects your dexterity (-5).
   rElec:     It insulates you from electricity.
   SInv:      It lets you see invisible.
Jewellery
 p - a ring of protection from fire (right hand)
 r - a ring of poison resistance (left hand)
Wands
 u - a wand of charming (4)
 x - a wand of quicksilver (14)
 A - a wand of roots (9)
Scrolls
 f - 2 scrolls of fear
 m - a scroll of poison
Potions
 d - 2 potions of might
 e - a potion of brilliance
 g - 2 potions of flight
 i - 6 potions of curing
 j - a potion of degeneration {unknown}
 k - a potion of attraction
 n - a potion of berserk rage
 q - 2 potions of lignification
 s - a potion of ambrosia {unknown}


   Skills:
 - Level 17.4 Fighting
 + Level 2.7 Axes
 * Level 3.3 Armour
 * Level 3.3 Shields


You had 9 spell levels left.
You didn't know any spells.
Your spell library contained the following spells:

 Spells                   Type           Power      Damage    Failure   Level
 Call Imp                 Summ           0%         N/A       94%         2
 Cigotuvi's Dreadful Rot  Necr/Pois/Air  0%         N/A       94%         2
 Call Canine Familiar     Summ           0%         N/A       99%         3
 Dispel Undead            Necr           0%         3d6       100%        4
 Death Channel            Necr           0%         N/A       100%        6
 Summon Cactus Giant      Summ           0%         N/A       100%        6
 Monstrous Menagerie      Summ           0%         N/A       100%        7


Dungeon Overview and Level Annotations

Branches:
Dungeon (9/15)             Temple (1/1) D:5           Sewer (visited)
   Lair: D:8-11         Orc: D:9-12

Altars:
Ashenzari
Dithmenos
Elyvilon
Fedhas
Gozag
Hepliaklqana
Kikubaaqudgha
Makhleb
Nemelex Xobeh
Okawaru
Qazlal
Ru
Sif Muna
Trog
Uskayaw
Wu Jian
Xom
Yredelemnul
Zin
The Shining One


Message History

Done waiting.
You start waiting.
Done waiting.
You start waiting.
Done waiting.
You start waiting.
A troll comes into view.
A troll is nearby!
A troll is nearby!
A troll is nearby!
The troll shouts!
The troll bites you but does no damage. The troll claws you!
The troll claws you. You block the troll's attack. The troll barely misses you.
You block the troll's attack.
You barely miss the troll. You block the troll's attack. The troll claws you!
The troll claws you but does no damage.
You slash the troll!
The troll is moderately wounded.
You block the troll's attack. The troll claws you.
The troll claws you but does no damage.
You barely miss the troll.
The troll is moderately wounded.
The troll closely misses you.
The troll claws you! x2; The troll bites you.
The troll closely misses you. The troll claws you.
You slash the troll!
The troll is heavily wounded.
You block the troll's attack. The troll claws you but does no damage.
The troll claws you!
You hit the troll.
The troll is severely wounded.
You block the troll's attack. The troll claws you!
* * * LOW HITPOINT WARNING * * *
The troll claws you!
* * * LOW HITPOINT WARNING * * *
The troll bites you!
* * * LOW HITPOINT WARNING * * *
The troll claws you.
You die...
Your body crumbles into a pile of gold.

.## ###..
## #... #
#. ...
#.#. #.
##.###.#
#...$#.
#.....
#.<..##.T#
#...@#
#.##.###
#.##..<#
..######
####


You could see a troll.

Vanquished Creatures
  Pikel (D:4)
  2 wyverns (D:8)
  5 yaks (D:6)
  2 water moccasins
  Pargi (D:4)
  3 orc warriors
  A black bear (D:5)
  2 ogres
  A centaur (D:5)
  A phantom (D:7)
  3 bullfrogs
  Blork the orc (D:4)
  A kobold brigand (D:8)
  2 scorpions (D:5)
  A necrophage (D:8)
  3 wights (D:8)
  6 killer bees (D:8)
  2 hounds
  3 jellies
  5 orc priests
  A gnoll bouda (D:7)
  Jessica (D:2)
  5 orc wizards
  2 iguanas (D:5)
  A hell rat (Sewer)
  16 gnolls
  4 river rats (Sewer)
  11 adders
  An ufetubus (D:6)
  A worm (D:2)
  4 dart slugs
  27 orcs
  5 bats
  9 endoplasms
  4 giant cockroaches
  13 hobgoblins
  11 jackals
  6 quokkas
  8 ball pythons
  2 frilled lizards (D:1)
  11 goblins
  8 kobolds
  14 rats
211 creatures vanquished.

Vanquished Creatures (others)
  14 plants (D:2)
14 creatures vanquished.

Grand Total: 225 creatures vanquished

Notes
Turn   | Place    | Note
-------+----------+-------------------------------------------
     0 | D:1      | p00ps00p the Hill Orc Fighter began the quest for the Orb.
     0 | D:1      | Reached XP level 1. HP: 19/19 MP: 1/1
    37 | D:1      | Reached skill level 4 in Fighting
    71 | D:1      | Reached XP level 2. HP: 27/27 MP: 2/2
   302 | D:1      | Reached XP level 3. HP: 33/35 MP: 3/3
   304 | D:1      | Reached skill level 5 in Fighting
  1116 | D:2      | Reached XP level 4. HP: 42/44 MP: 4/4
  1237 | D:2      | Reached skill level 6 in Fighting
  1408 | D:2      | Noticed Jessica
  1414 | D:2      | Killed Jessica
  1576 | D:2      | Reached XP level 5. HP: 51/51 MP: 5/5
  1638 | D:3      | Found a burning altar of Makhleb.
  1689 | D:3      | Found an opulent altar of Gozag.
  1700 | D:3      | Became a worshipper of Gozag Ym Sagoz the Greedy
  1793 | D:3      | Found a sacrificial altar of Ru.
  2373 | D:3      | Got Ilod's Octavo of the Legion
  2506 | D:4      | Reached skill level 7 in Fighting
  2688 | D:4      | Noticed an ogre
  2699 | D:4      | Killed an ogre
  2700 | D:4      | Reached skill level 8 in Fighting
  2700 | D:4      | Reached XP level 6. HP: 13/62 MP: 6/6
  2795 | D:4      | Noticed Blork the orc
  2811 | D:4      | Killed Blork the orc
  2988 | D:4      | Noticed Pikel
  3011 | D:4      | Killed Pikel
  3012 | D:4      | Reached skill level 10 in Fighting
  3012 | D:4      | Reached XP level 7. HP: 22/73 MP: 7/7
  3543 | D:4      | Reached skill level 11 in Fighting
  3734 | D:3      | Reached XP level 8. HP: 82/82 MP: 8/8
  3972 | D:4      | Noticed Pargi
  3981 | D:4      | Killed Pargi
  4935 | D:5      | Entered Level 5 of the Dungeon
  5230 | D:5      | Found a staircase to the Ecumenical Temple.
  5277 | D:5      | Reached skill level 12 in Fighting
  6096 | D:5      | Reached skill level 13 in Fighting
  6520 | D:6      | Found a shadowy altar of Dithmenos.
  6530 | D:6      | Reached XP level 9. HP: 63/94 MP: 9/9
  6591 | D:6      | Reached skill level 14 in Fighting
  6794 | D:6      | Found a glowing drain.
  6810 | Sewer    | Entered a sewer
  7128 | D:6      | HP: 3/96 [yak (14)]
  7138 | D:6      | Reached skill level 15 in Fighting
  7992 | Temple   | Entered the Ecumenical Temple
  8071 | D:7      | Identified the +1 leather armour of Wisturea {rElec Int+5
                  | Dex-5 SInv}
  8450 | D:7      | Found an ancient bone altar of Kikubaaqudgha.
  8455 | D:7      | Found a sparkling altar of Nemelex Xobeh.
  8590 | D:7      | Reached skill level 16 in Fighting
  9283 | D:7      | Found an ornate altar of the Wu Jian Council.
  9516 | D:8      | Reached XP level 10. HP: 41/108 MP: 10/10
  9834 | D:8      | Found a glowing silver altar of Zin.
 10583 | D:8      | Reached skill level 17 in Fighting
 13132 | D:9      | HP: 2/92 [troll (13)]
 13132 | D:9      | Slain by a troll

Illustrated notes

Levels and vault maps discovered:
D:1:      minmay_arrival_up_and_down, layout_basic
D:2:      layout_basic, serial_bayou_pond_c, uniq_jessica
D:3:      layout_basic, mainiacjoe_overflow_tiny_flanked, bloody_makhleb,
          grunt_gozag_breadcrumbs, corexii_hall_statues_deadend,
          minmay_misc_feat_five
D:4:      layout_loops_cross, uniq_blork_the_orc, uniq_pargi, uniq_pikel
D:5:      layout_gridville, minmay_temple_entry_from_below_a
D:6:      layout_basic, nicolae_dithmenos_shadow_blocks,
          cheibrodos_sewer_entry_sluice
D:7:      layout_loops_cross, nicolae_wu_jian_glorious_leap,
          mainiacjoe_overflow_catwalk_spiral
D:8:      layout_basic, zin_academy, enter_bailey_4
D:9:      layout_basic, mainiacjoe_overflow_concentric_impassable,
          lair_entry_dummy
Temple:   nicolae_temple_no_exploring_needed

Skill      XL: |  1  2  3  4  5  6  7  8  9 10 |
---------------+-------------------------------+-----
Fighting       | 4 5 6 8 10 11 13 16 17 | 17.4
Axes           | |  2.7
Armour         | |  3.3
Shields        | |  3.3

Action                   |  1- 3 |  4- 6 |  7- 9 | 10-12 || total
-------------------------+-------+-------+-------+-------++-------
Melee: War axe           |   113 |   117 |   290 |   110 ||   630
  Use: Scroll            |     2 |       |    22 |     7 ||    31
       Potion            |       |     1 |     5 |     2 ||     8
 Stab: Distracted        |       |     1 |       |       ||     1
       Invisible         |       |       |     5 |       ||     5
Armor: Scale mail        |    85 |    54 |   203 |    50 ||   392
Dodge: Dodged            |    90 |    57 |   199 |    68 ||   414
Block: Buckler           |    33 |    34 |   153 |    64 ||   284

Table legend: (Time is in decaauts)
 A = Elapsed time spent in this place.
 B = Non-inter-level travel time spent in this place.
 C = Inter-level travel time spent in this place.
 D = Time resting spent in this place.
 E = Time spent auto-exploring this place.
 F = Levels seen in this place.
 G = Mean time per level.
                   A        B        C        D        E       F      G
               +--------+--------+--------+--------+--------+-----+--------+
         Total |  13413 |  13153 |    260 |   5436 |   5070 |  11 | 1219.4 |
       Dungeon |  13276 |  13016 |    260 |   5436 |   5070 |   9 | 1475.1 |
        Temple |      1 |      1 |      0 |      0 |      0 |   1 |    1.0 |
         Sewer |    135 |    135 |      0 |      0 |      0 |   1 |  135.0 |
               +--------+--------+--------+--------+--------+-----+--------+

Top non-repeatable levels by time:
     D:8: 2252 daAuts
     D:7: 2106 daAuts
     D:4: 1948 daAuts
     D:5: 1582 daAuts
     D:3: 1451 daAuts
     D:6: 1419 daAuts
     D:1: 1056 daAuts
     D:9: 829 daAuts
     D:2: 628 daAuts
   Sewer: 135 daAuts
  Temple: 1 daAuts
